PAAA
BLOOMINGTON LONGNECKS @ JERSEY CITY TRITONS
08/09/2042
 
TOP OF THE 1ST
Bloomington Longnecks batting - Pitching for Jersey City Tritons : RHP Brian Gardner
Pitching: RHP Brian Gardner
Batting: RHB Nelson Jaramillo 0-0: DOUBLE (Line Drive, 7LS, EV 96.2 MPH)
Batting: LHB Leonid Machehin 0-0: Called Strike
0-1: Swinging Strike
0-2: Foul Ball, location: 2F
0-2: Strikes out looking
Batting: RHB Dylan Stavely 0-0: Ball
1-0: Ball
2-0: Ball
3-0: Base on Balls
Batting: LHB Vicente Gomillion 0-0: Called Strike
Nelson Jaramillo steals 3rd base
0-1: Called Strike
0-2: Ball
1-2: Fly out, F7 (Flyball, 7LSF, EV 80.6 MPH)
Batting: RHB Ignacio Páez 0-0: Ball
1-0: Ball
2-0: Ball
3-0: Base on Balls
Dylan Stavely to second
Batting: LHB Craig Morgan 0-0: Ball
1-0: Foul Ball, location: 2F
1-1: Ball
2-1: Ball
3-1: Foul Ball, location: 2F
3-2: Fly out, F5 (Line Drive, 5, EV 71.2 MPH)
Top of the 1st over - 0 runs, 1 hit, 0 errors, 3 left on base; Bloomington 0 - Jersey City 0
BOTTOM OF THE 1ST
Jersey City Tritons batting - Pitching for Bloomington Longnecks : RHP Hunter Summers
Pitching: RHP Hunter Summers
Batting: LHB Justice Bigbie 0-0: Called Strike
0-1: Ball
1-1: Foul Ball, location: 2F
1-2: Ball
2-2: Foul Ball, location: 2F
2-2: Foul Ball, location: 2F
2-2: Ball
3-2: Foul Ball, location: 2F
3-2: Base on Balls
Batting: RHB Santiago Valentín 0-0: Ball
1-0: Grounds into double play, 4-6-3 (Groundball, 4, EV 78.1 MPH)
Batting: LHB DeMarvion Overshown 0-0: Fly out, F9 (Flyball, 9, EV 94.4 MPH)
Bottom of the 1st over - 0 runs, 0 hits, 0 errors, 0 left on base; Bloomington 0 - Jersey City 0
TOP OF THE 2ND
Bloomington Longnecks batting - Pitching for Jersey City Tritons : RHP Brian Gardner
Batting: LHB Joey Terry 0-0: SINGLE (Flyball, 78M, EV 83.1 MPH)
Batting: RHB Júlio Rodríguez 0-0: Ball
1-0: Ball
2-0: Ball
3-0: Called Strike
3-1: Base on Balls
Joey Terry to second
Batting: RHB James Strickland 0-0: Foul Ball, location: 2F
0-1: Ball
1-1: Foul Ball, location: 2F
1-2: Foul Ball, location: 2F
1-2: Foul Ball, location: 2F
1-2: Ball
2-2: Fly out, F8 (Flyball, 8RXD, EV 96.2 MPH)
Runner from 2nd tags up, SAFE at 3rd, no throw by CF
Batting: RHB Nelson Jaramillo 0-0: Called Strike
0-1: Ball
1-1: Ball
2-1: Ball
3-1: Called Strike
3-2: Base on Balls
Júlio Rodríguez to second
Batting: LHB Leonid Machehin 0-0: Ball
1-0: Swinging Strike
1-1: Ball
2-1: Foul Ball, location: 2F
2-2: Foul Ball, location: 2F
2-2: Ball
3-2: Foul Ball, location: 2F
3-2: Base on Balls
Joey Terry scores
Júlio Rodríguez to third
Nelson Jaramillo to second
Batting: RHB Dylan Stavely 0-0: Ball
1-0: Called Strike
1-1: Called Strike
1-2: Strikes out looking
Batting: LHB Vicente Gomillion 0-0: Ball
1-0: Ball
2-0: Ball
3-0: Called Strike
3-1: Base on Balls
Júlio Rodríguez scores
Nelson Jaramillo to third
Leonid Machehin to second
Batting: RHB Ignacio Páez 0-0: Ball
1-0: Called Strike
1-1: Foul Ball, location: 2F
1-2: Hit by Pitch
Nelson Jaramillo scores
Leonid Machehin to third
Vicente Gomillion to second
Batting: LHB Craig Morgan 0-0: Ball
1-0: Called Strike
1-1: Foul Ball, location: 2F
1-2: Ball
2-2: Fly out, F8 (Flyball, 8RM, EV 76.2 MPH)
Top of the 2nd over - 3 runs, 1 hit, 0 errors, 3 left on base; Bloomington 3 - Jersey City 0
BOTTOM OF THE 2ND
Jersey City Tritons batting - Pitching for Bloomington Longnecks : RHP Hunter Summers
Batting: RHB Xiao-yong Huang 0-0: Ball
1-0: Ground out 6-3 (Groundball, 6, EV 88.8 MPH)
Batting: LHB Kevin Hancock 0-0: Foul Ball, location: 2F
0-1: Foul Ball, location: 2F
0-2: Ball
1-2: Foul Ball, location: 2F
1-2: Ball
2-2: Ground out 1-3 (Groundball, 34S, EV 78.1 MPH)
Batting: RHB John Juanda 0-0: Ball
1-0: Called Strike
1-1: Foul Ball, location: 2F
1-2: Ball
2-2: Ground out 4-3 (Groundball, 4, EV 88.1 MPH)
Bottom of the 2nd over - 0 runs, 0 hits, 0 errors, 0 left on base; Bloomington 3 - Jersey City 0
TOP OF THE 3RD
Bloomington Longnecks batting - Pitching for Jersey City Tritons : RHP Brian Gardner
Batting: LHB Joey Terry 0-0: Ball
1-0: Called Strike
1-1: Ball
2-1: Foul Ball, location: 2F
2-2: Fly out, F7 (Flyball, 7, EV 76.9 MPH)
Batting: RHB Júlio Rodríguez 0-0: Ball
1-0: Ball
2-0: Swinging Strike
2-1: Foul Ball, location: 2F
2-2: Ball
3-2: Strikes out swinging
Batting: RHB James Strickland 0-0: Ground out 5-3 (Groundball, 5, EV 86.9 MPH)
Top of the 3rd over - 0 runs, 0 hits, 0 errors, 0 left on base; Bloomington 3 - Jersey City 0
BOTTOM OF THE 3RD
Jersey City Tritons batting - Pitching for Bloomington Longnecks : RHP Hunter Summers
Batting: LHB Jim Henson 0-0: Ball
1-0: Ball
2-0: Called Strike
2-1: Ground out 6-3 (Groundball, 6, EV 86.2 MPH)
Batting: RHB Víctor Bojórquez 0-0: Ground out 6-3 (Groundball, 6, EV 81.9 MPH)
Batting: RHB Ricardo Quintanilla 0-0: Called Strike
0-1: Ball
1-1: Ball
2-1: Ground out 1-3 (Groundball, 34S, EV 86.2 MPH)
Bottom of the 3rd over - 0 runs, 0 hits, 0 errors, 0 left on base; Bloomington 3 - Jersey City 0
TOP OF THE 4TH
Bloomington Longnecks batting - Pitching for Jersey City Tritons : RHP Brian Gardner
Batting: RHB Nelson Jaramillo 0-0: Ball
1-0: Foul Ball, location: 2F
1-1: Foul Ball, location: 2F
1-2: Foul Ball, location: 2F
1-2: Ball
2-2: SOLO HOME RUN (Flyball, 7D, EV 97.5 MPH), Distance : 378 ft
Batting: LHB Leonid Machehin 0-0: Ground out 3-1 (Groundball, 34, EV 81.2 MPH)
Batting: RHB Dylan Stavely 0-0: Ball
1-0: Ball
2-0: Foul Ball, location: 2F
2-1: Foul Ball, location: 2F
2-2: Ball
3-2: Foul Ball, location: 2F
3-2: TRIPLE (Flyball, 89XD, EV 92.5 MPH)
Batting: LHB Vicente Gomillion 0-0: Called Strike
0-1: Ball
1-1: Foul Ball, location: 2F
1-2: Hit by Pitch
Batting: RHB Ignacio Páez 0-0: Ball
1-0: Fly out, F9 (Flyball, 9S, EV 87.5 MPH)
Pitching: LHP Raúl Romero
Batting: LHB Craig Morgan 0-0: Called Strike
0-1: Foul Ball, location: 2F
0-2: Fly out, F7 (Flyball, 7LS, EV 93.1 MPH)
Top of the 4th over - 1 run, 2 hits, 0 errors, 2 left on base; Bloomington 4 - Jersey City 0
BOTTOM OF THE 4TH
Jersey City Tritons batting - Pitching for Bloomington Longnecks : RHP Hunter Summers
Batting: LHB Justice Bigbie 0-0: Ball
1-0: Ball
2-0: Ball
3-0: Base on Balls
Batting: RHB Santiago Valentín 0-0: Swinging Strike
0-1: Fly out, F8 (Flyball, 8RM, EV 85.0 MPH)
Batting: LHB DeMarvion Overshown 0-0: Ball
1-0: Foul Ball, location: 2F
1-1: Ball
Justice Bigbie steals 2nd base (no throw)
2-1: Fly out, F8 (Flyball, 8RS, EV 72.5 MPH)
Batting: RHB Xiao-yong Huang 0-0: Foul Ball, location: 2F
0-1: Swinging Strike
0-2: Ball
1-2: Strikes out swinging
Bottom of the 4th over - 0 runs, 0 hits, 0 errors, 1 left on base; Bloomington 4 - Jersey City 0
TOP OF THE 5TH
Bloomington Longnecks batting - Pitching for Jersey City Tritons : LHP Raúl Romero
Batting: LHB Joey Terry 0-0: Ball
1-0: Ball
2-0: Ball
3-0: Base on Balls
Batting: RHB Júlio Rodríguez 0-0: Sac Bunt to 13S - play at first, batter OUT! 1-3
Joey Terry to second
Batting: RHB James Strickland 0-0: Called Strike
0-1: Foul Ball, location: 2F
0-2: Ball
1-2: Ground out 2-3 (Groundball, 13S, EV 68.8 MPH)
Joey Terry to third
Batting: RHB Nelson Jaramillo 0-0: Called Strike
0-1: Called Strike
0-2: Ball
1-2: Strikes out swinging
Top of the 5th over - 0 runs, 0 hits, 0 errors, 1 left on base; Bloomington 4 - Jersey City 0
BOTTOM OF THE 5TH
Jersey City Tritons batting - Pitching for Bloomington Longnecks : RHP Hunter Summers
Batting: LHB Kevin Hancock 0-0: Foul Ball, location: 2F
0-1: Called Strike
0-2: Ball
1-2: Hit by Pitch
Batting: RHB John Juanda 0-0: Called Strike
0-1: Foul Ball, location: 2F
0-2: Fielders Choice at 2nd, 4-6 (Groundball, 34, EV 90.6 MPH)
Batting: LHB Jim Henson 0-0: Ball
1-0: Called Strike
1-1: Fly out, F9 (Flyball, 89M, EV 83.8 MPH)
Batting: RHB Víctor Bojórquez 0-0: Ball
John Juanda is caught stealing 2nd base 2-4
Bottom of the 5th over - 0 runs, 0 hits, 0 errors, 0 left on base; Bloomington 4 - Jersey City 0
TOP OF THE 6TH
Bloomington Longnecks batting - Pitching for Jersey City Tritons : LHP Raúl Romero
Batting: LHB Leonid Machehin 0-0: Called Strike
0-1: Ball
1-1: Foul Ball, location: 2F
1-2: Ball
2-2: Ground out 4-3 (Groundball, 34, EV 87.5 MPH)
Batting: RHB Dylan Stavely 0-0: Called Strike
0-1: Ball
1-1: Called Strike
1-2: Foul Ball, location: 2F
1-2: Ball
2-2: Ball
3-2: Foul Ball, location: 2F
3-2: Foul Ball, location: 2F
3-2: Base on Balls
Batting: LHB Vicente Gomillion 0-0: Ball
1-0: Ground out 3-1 (Groundball, 3L, EV 105.6 MPH)
Dylan Stavely to second
Batting: RHB Ignacio Páez 0-0: Called Strike
0-1: Ball
1-1: Foul Ball, location: 2F
1-2: Strikes out swinging
Top of the 6th over - 0 runs, 0 hits, 0 errors, 1 left on base; Bloomington 4 - Jersey City 0
BOTTOM OF THE 6TH
Jersey City Tritons batting - Pitching for Bloomington Longnecks : RHP Hunter Summers
Batting: RHB Víctor Bojórquez 0-0: TRIPLE (Flyball, 89XD, EV 91.2 MPH)
Batting: RHB Ricardo Quintanilla 0-0: Ball
1-0: Called Strike
1-1: Ball
2-1: Foul Ball, location: 2F
2-2: Strikes out swinging
Batting: LHB Justice Bigbie 0-0: Fly out, F5 (Popup, 25F, EV 78.8 MPH)
Batting: RHB Santiago Valentín 0-0: SINGLE (Groundball, 6, EV 80.0 MPH) (infield hit)
Víctor Bojórquez scores
Batting: LHB DeMarvion Overshown 0-0: Ball
1-0: Called Strike
1-1: Ball
2-1: Ball
3-1: Foul Ball, location: 2F
3-2: Foul Ball, location: 2F
3-2: Strikes out looking
Bottom of the 6th over - 1 run, 2 hits, 0 errors, 1 left on base; Bloomington 4 - Jersey City 1
TOP OF THE 7TH
Bloomington Longnecks batting - Pitching for Jersey City Tritons : LHP Raúl Romero
Batting: LHB Craig Morgan 0-0: Called Strike
0-1: Foul Ball, location: 2F
0-2: Ball
1-2: Foul Ball, location: 2F
1-2: Ball
2-2: SINGLE (Flyball, 7LM, EV 96.2 MPH)
Batting: LHB Joey Terry 0-0: Swinging Strike
0-1: Called Strike
0-2: Ball
1-2: Foul Ball, location: 2F
1-2: Foul Ball, location: 2F
1-2: Strikes out looking
Pitching: LHP Adrián Padilla
Batting: RHB Júlio Rodríguez 0-0: Called Strike
0-1: Called Strike
0-2: Ball
1-2: Ball
2-2: Ball
3-2: Base on Balls
Craig Morgan to second
Batting: RHB James Strickland 0-0: Ball
1-0: Foul Ball, location: 2F
1-1: Ball
2-1: Swinging Strike
2-2: Ball
3-2: Base on Balls
Craig Morgan to third
Júlio Rodríguez to second
Batting: RHB Nelson Jaramillo 0-0: Called Strike
0-1: Called Strike
0-2: Strikes out looking
Batting: LHB Leonid Machehin 0-0: SINGLE (Flyball, 89S, EV 95.0 MPH)
Craig Morgan scores
Júlio Rodríguez to third
James Strickland to second
Runner from 3rd tries for Home, SAFE, no throw by RF
Batting: RHB Dylan Stavely 0-0: Called Strike
0-1: Foul Ball, location: 2F
0-2: Strikes out swinging
Top of the 7th over - 2 runs, 2 hits, 0 errors, 2 left on base; Bloomington 6 - Jersey City 1
BOTTOM OF THE 7TH
Jersey City Tritons batting - Pitching for Bloomington Longnecks : RHP Hunter Summers
Batting: RHB Xiao-yong Huang 0-0: Called Strike
0-1: Ground out U3 (Groundball, 3, EV 87.5 MPH)
Batting: LHB Kevin Hancock 0-0: Ball
1-0: Foul Ball, location: 2F
1-1: Ground out 4-3 (Groundball, 4D, EV 103.8 MPH)
Batting: RHB John Juanda 0-0: Ball
1-0: Ball
2-0: Foul Ball, location: 2F
2-1: Ball
3-1: SINGLE (Flyball, 78M, EV 88.8 MPH)
Batting: LHB Jim Henson 0-0: Called Strike
0-1: Fly out, F7 (Flyball, 78D, EV 91.2 MPH)
Bottom of the 7th over - 0 runs, 1 hit, 0 errors, 1 left on base; Bloomington 6 - Jersey City 1
TOP OF THE 8TH
Bloomington Longnecks batting - Pitching for Jersey City Tritons : LHP Adrián Padilla
Batting: LHB Vicente Gomillion 0-0: Ball
1-0: Ball
2-0: DOUBLE (Groundball, 3L, EV 94.4 MPH)
Batting: RHB Ignacio Páez 0-0: Called Strike
0-1: Swinging Strike
0-2: Ball
1-2: Foul Ball, location: 2F
1-2: Ground out 5-3 (Groundball, 5S, EV 72.5 MPH)
Vicente Gomillion to third
Batting: LHB Craig Morgan 0-0: Ball
1-0: Fly out, F7 (Flyball, 7S, EV 93.1 MPH)
Batting: LHB Joey Terry 0-0: Ball
1-0: Swinging Strike
1-1: Foul Ball, location: 2F
1-2: Strikes out looking
Top of the 8th over - 0 runs, 1 hit, 0 errors, 1 left on base; Bloomington 6 - Jersey City 1
BOTTOM OF THE 8TH
Jersey City Tritons batting - Pitching for Bloomington Longnecks : RHP Hunter Summers
Batting: RHB Víctor Bojórquez 0-0: Fly out, F2 (Popup, 2L, EV 96.9 MPH)
Batting: RHB Ricardo Quintanilla 0-0: Ground out 5-3 (Groundball, 5, EV 86.9 MPH)
Batting: LHB Justice Bigbie 0-0: Called Strike
0-1: Ball
1-1: Ball
2-1: Swinging Strike
2-2: Ball
3-2: Strikes out swinging
Bottom of the 8th over - 0 runs, 0 hits, 0 errors, 0 left on base; Bloomington 6 - Jersey City 1
TOP OF THE 9TH
Bloomington Longnecks batting - Pitching for Jersey City Tritons : LHP Adrián Padilla
Batting: RHB Júlio Rodríguez 0-0: Called Strike
0-1: Swinging Strike
0-2: Foul Ball, location: 2F
0-2: Ball
1-2: Ground out 5-3 (Groundball, 5L, EV 85.6 MPH)
Batting: RHB James Strickland 0-0: Ball
1-0: SINGLE (Line Drive, 3D, EV 100.0 MPH)
Pitching: LHP Ken Fulton Jr.
Batting: RHB Nelson Jaramillo 0-0: Ball
James Strickland steals 2nd base
1-0: Swinging Strike
1-1: Ball
2-1: Foul Ball, location: 2F
2-2: Foul Ball, location: 2F
2-2: SINGLE (Flyball, 89M, EV 88.8 MPH)
James Strickland to third
Batting: LHB Leonid Machehin 0-0: Ball
1-0: Called Strike
1-1: Called Strike
1-2: Ball
2-2: Foul Ball, location: 2F
2-2: Strikes out swinging
Batting: RHB Dylan Stavely 0-0: Ball
1-0: Fly out, F8 (Flyball, 8LS, EV 86.2 MPH)
Top of the 9th over - 0 runs, 2 hits, 0 errors, 2 left on base; Bloomington 6 - Jersey City 1
BOTTOM OF THE 9TH
Jersey City Tritons batting - Pitching for Bloomington Longnecks : RHP Hunter Summers
Batting: RHB Santiago Valentín 0-0: Ball
1-0: Fly out, F8 (Flyball, 89D, EV 97.5 MPH)
Batting: LHB DeMarvion Overshown 0-0: Ball
1-0: Ball
2-0: Ball
3-0: Base on Balls
Pitching: RHP Li-chi Lou
Batting: RHB Xiao-yong Huang 0-0: Called Strike
0-1: Grounds into double play, 5-4-3 (Groundball, 56, EV 100.0 MPH)
Bottom of the 9th over - 0 runs, 0 hits, 0 errors, 0 left on base; Bloomington 6 - Jersey City 1
Friday, March 26th, 2021 - OOTP Baseball 20.8 Build 74